 Dungeon Crawl Stone Soup version 0.19.1-1-g22dce08 (webtiles) character file.

3165 zhar the Covert (level 9, -2/58 HPs)
             Began as a Vampire Necromancer on Jan 18, 2017.
             Was a Follower of Kikubaaqudgha.
             Slain by a wight
             ... wielding a +3 great sword
              (14 damage)
             ... on level 5 of the Dungeon.
             The game lasted 01:48:20 (18623 turns).

zhar the Covert (Vampire Necromancer)              Turns: 18623, Time: 01:48:21

Health: -2/58      AC:  4    Str:  5 (7)  XL:     9   Next: 63%
Magic:  9/12       EV: 15    Int: 20      God:    Kikubaaqudgha [*.....]
Gold:   326        SH:  4    Dex: 14 (19) Spells: 4 memorised, 4 levels left

rFire  . . .     SeeInvis +     e - +0 short sword
rCold  + . .     Gourm    .     A - +1 robe {MR+}
rNeg   + + .     Faith    .     (no shield)
rPois  +         Spirit   .     (helmet restricted)
rElec  .         Reflect  +     (no cloak)
rCorr  .         Harm     .     j - +0 pair of gloves
MR     ++...                    (no boots)
Stlth  ++++++....               B - +4 amulet of reflection
                                l - +4 ring of slaying
                                s - +4 ring of dexterity

@: regenerating
A: fangs 3, horns 1, see invisible, deterioration 1, magic resistance 1,
unbreathing
a: Bat Form, Receive Corpses, Renounce Religion


You were on level 5 of the Dungeon.
You worshipped Kikubaaqudgha.
Kikubaaqudgha was aware of your devotion.
You were near bloodless.

You visited 2 branches of the dungeon, and saw 8 of its levels.
You also visited: Sewer.

You collected 326 gold pieces.

Inventory:

Hand Weapons
 a - a +3 dire flail
 e - a +0 short sword (weapon)
 f - a cursed +2 mace
 M - a +0 whip of flaming
Armour
 j - a +0 pair of gloves (worn)
 A - a +1 robe of magic resistance (worn)
Jewellery
 l - a +4 ring of slaying (right hand)
 s - a +4 ring of dexterity (left hand)
 z - an uncursed ring of protection from fire {unknown}
 B - a +4 amulet of reflection (around neck)
 K - an uncursed ring of wizardry {unknown}
Wands
 H - a wand of polymorph (8/24)
 J - a wand of confusion (19/48)
 L - a wand of paralysis (0/24)
Scrolls
 o - 3 scrolls of teleportation
 q - a scroll of remove curse {unknown}
 r - 3 scrolls of recharging {unknown}
 t - a scroll of amnesia {unknown}
 x - a scroll of enchant armour {unknown}
 D - 3 scrolls of random uselessness {unknown}
 P - 3 scrolls of magic mapping
 Q - a scroll of torment {unknown}
 R - a scroll of fog {unknown}
Potions
 c - 4 potions of blood
 d - 2 potions of mutation
 g - 4 potions of might {unknown}
 h - 4 potions of curing {unknown}
 i - a potion of heal wounds {unknown}
 k - a potion of magic {unknown}
 u - a potion of resistance {unknown}
 C - a potion of degeneration {unknown}
 F - a potion of cancellation {unknown}
 G - 2 potions of haste {unknown}
 O - a potion of invisibility {unknown}
Books
 b - a book of Necromancy

   Spells                             Type                      Level
   a - Pain                           Necromancy                   1
   b - Animate Skeleton               Necromancy                   1
   c - Vampiric Draining              Necromancy                   3
   d - Regeneration                   Charms/Necromancy            3
   e - Animate Dead                   Necromancy                   4
   f - Control Undead                 Necromancy                   4
 N - Kikubaaqudgha's Volume of Stolen Souls
   (Kikubaaqudgha gifted it to you in a sewer)

   Spells                             Type                      Level
   a - Animate Skeleton               Necromancy                   1
   b - Corpse Rot                     Necromancy                   2
   c - Sublimation of Blood           Necromancy                   2
   d - Vampiric Draining              Necromancy                   3
   e - Control Undead                 Necromancy                   4
Comestibles
 m - a bread ration
 p - a slice of pizza


   Skills:
 - Level 0.5 Fighting
 - Level 5.1 Short Blades
 - Level 6.0 Dodging
 + Level 11.6 Stealth
 + Level 2.3 Spellcasting
 - Level 0.9 Charms
 + Level 10.3 Necromancy


You had 4 spell levels left.
You knew the following spells:

 Your Spells              Type           Power        Failure   Level  Hunger
a - Pain                  Necr           ####         1%          1    #......
b - Animate Skeleton      Necr           N/A          1%          1    #......
c - Vampiric Draining     Necr           #####.....   1%          3    ###....
d - Regeneration          Chrm/Necr      ###.......   6%          3    ###....


Dungeon Overview and Level Annotations

Branches:
Dungeon (7/15)             Temple (1/1) D:4

Altars:
Ashenzari
Cheibriados
Dithmenos
Elyvilon
Fedhas
Gozag
Hepliaklqana
Kikubaaqudgha
Makhleb
Nemelex Xobeh
Okawaru
Qazlal
Ru
Sif Muna
Trog
Uskayaw
Vehumet
Xom
Yredelemnul
Zin
The Shining One

Shops:
D:6 !(*


Innate Abilities, Weirdness & Mutations

You heal slowly.
You have razor-sharp teeth.
You have supernaturally acute eyesight. (SInv)
You can survive without breathing.
You have a pair of small horns on your head.
Your body sometimes deteriorates upon taking damage.
You are resistant to hostile enchantments. (MR+)


Message History

Your skin stops crawling.
There is an open door here.
You feel almost devoid of blood!
Things that are here:
a chain mail; a trident A howler monkey comes into view.
Casting: Regeneration
Confirm with . or Enter, or press ? or * to list all spells.
Your skin crawls.
The howler monkey howls!
You hit the wight but do no damage.
The wight is moderately damaged.
The wight hits you with an enchanted great sword!
* * * LOW HITPOINT WARNING * * *
You hit the wight but do no damage. Your headbutt misses the wight.
The wight is moderately damaged.
The howler monkey hoots and howls with incredible vigour!
The wight hits you with an enchanted great sword!
You die...
Kikubaaqudgha rasps: "You have failed me!
Welcome... oblivion!"

#.# #.######.#.# #.
#.#######.##_##.#..# #. ######
#.........##.#####.# #. .....#
#########.#...#.#.## #. ####.#
###[..##.## #. ####.# #.....#.#
#. .....# ###.....### ######
###### ###..[.8....###.....
##############..@...#......######
...........'h...z.8###8....._#
#########..###......#...(.(### #
#.## ###....8....### #
##.########.....###.# #
##.........#.....# #.# #
###.#.#########...## #.# ##
#..###.# #...# #.# .# #.#.#.##
##.#####.##


You could see a howler monkey and a wight.

Vanquished Creatures
  Pikel (D:5)
  Grinder (D:2)
  Sigmund (D:2)
  4 yaks (D:6)
  An orc warrior (D:5)
  A slave (D:5)
  3 ogres (D:4)
  A centaur (D:5)
  A scorpion (D:4)
  3 howler monkeys
  6 wights
  An orc priest (D:5)
  3 hounds
  3 jellies
  2 centaur skeletons
  2 iguanas
  4 orc wizards
  4 worker ants
  A killer bee zombie (D:5)
  A hound skeleton (D:4)
  2 worker ant zombies
  6 gnolls
  12 adders
  2 oozes
  An adder skeleton (D:4)
  3 worms
  2 dart slugs
  8 leopard geckos
  20 orcs
  6 giant cockroaches
  8 goblins
  4 hobgoblins
  11 jackals
  4 quokkas
  6 ball pythons
  13 bats
  11 frilled lizards
  8 kobolds
  A leopard gecko zombie (D:5)
  13 rats
185 creatures vanquished.

Vanquished Creatures (collateral kills)
  A goblin (D:1)
1 creature vanquished.

Vanquished Creatures (others)
  An orc priest (D:5)
  An orc wizard (D:5)
  2 orcs (D:5)
  A giant cockroach (D:5)
  2 plants (D:2)
7 creatures vanquished.

Grand Total: 193 creatures vanquished

Notes
Turn   | Place    | Note
-------+----------+-------------------------------------------
     0 | D:1      | zhar the Vampire Necromancer began the quest for the Orb.
     0 | D:1      | Reached XP level 1. HP: 13/13 MP: 3/3
   176 | D:1      | Learned a level 1 spell: Animate Skeleton
   513 | D:1      | Reached XP level 2. HP: 19/19 MP: 5/5
   675 | D:1      | Reached skill level 4 in Stealth
  1851 | D:2      | Reached skill level 5 in Stealth
  2270 | D:2      | Reached XP level 3. HP: 16/24 MP: 1/6
  2313 | D:2      | Learned a level 3 spell: Vampiric Draining
  2673 | D:2      | Noticed Sigmund
  3452 | D:2      | Found a sacrificial altar of Ru.
  3531 | D:2      | Reached skill level 6 in Stealth
  3786 | D:2      | Reached XP level 4. HP: 27/30 MP: 0/7
  3984 | D:2      | Found a glowing golden altar of the Shining One.
  4109 | D:3      | Reached skill level 1 in Short Blades
  4158 | D:3      | Noticed Grinder
  4158 | D:3      | Paralysed by Grinder for 4 turns
  4751 | D:3      | Gained mutation: Your body sometimes deteriorates upon taking damage. [potion of mutation]
  4751 | D:3      | Gained mutation: You have a pair of small horns on your head. [potion of mutation]
  4751 | D:3      | Gained mutation: You are resistant to hostile enchantments. (MR+) [potion of mutation]
  5222 | D:3      | Reached skill level 7 in Stealth
  5222 | D:3      | Reached XP level 5. HP: 36/36 MP: 8/8
  5939 | D:3      | Found a white marble altar of Elyvilon.
  6060 | D:3      | Learned a level 3 spell: Regeneration
  6210 | D:4      | Reached skill level 8 in Stealth
  6235 | D:4      | Noticed an ogre
  6240 | D:4      | Killed an ogre
  6240 | D:4      | Reached skill level 5 in Necromancy
  6240 | D:4      | Reached XP level 6. HP: 42/42 MP: 9/9
  6941 | D:3      | Noticed a sky beast
  7318 | D:2      | Killed Sigmund
  7318 | D:2      | Reached XP level 7. HP: 27/47 MP: 5/10
  7927 | D:4      | Found a staircase to the Ecumenical Temple.
  7931 | Temple   | Entered the Ecumenical Temple
  7989 | Temple   | Became a worshipper of Kikubaaqudgha
  9971 | D:4      | Found a bloodstained altar of Trog.
 10166 | D:5      | Entered Level 5 of the Dungeon
 10350 | D:5      | Found a white marble altar of Elyvilon.
 10824 | D:5      | Noticed Pikel
 10963 | D:5      | Found an opulent altar of Gozag.
 10963 | D:5      | Found a shattered altar of Ashenzari.
 10965 | D:5      | Found a basalt altar of Yredelemnul.
 11025 | D:5      | Reached XP level 8. HP: 44/53 MP: 1/11
 11168 | D:5      | Killed Pikel
 11340 | D:5      | Found a blossoming altar of Fedhas.
 11935 | D:5      | Reached skill level 10 in Necromancy
 12224 | D:5      | Found a snail-covered altar of Cheibriados.
 12237 | D:5      | Found a shadowy altar of Dithmenos.
 12486 | D:6      | Reached skill level 5 in Dodging
 12549 | D:6      | Found Qusuod's Distillery.
 12562 | D:6      | Found a glowing drain.
 12689 | Sewer    | Entered a sewer
 12708 | Sewer    | Reached * piety under Kikubaaqudgha
 12708 | Sewer    | Identified Kikubaaqudgha's Volume of Stolen Souls (Kikubaaqudgha gifted it to you in a sewer)
 12708 | Sewer    | Received a gift from Kikubaaqudgha
 13068 | D:6      | Reached skill level 9 in Stealth
 13119 | D:6      | Found Meicrydgh's General Store.
 13236 | D:6      | Found Uvey's Weapon Shoppe.
 13255 | D:6      | Found a shimmering altar of Xom.
 14015 | D:6      | Reached XP level 9. HP: 56/58 MP: 8/12
 14451 | D:6      | Reached skill level 10 in Stealth
 15040 | D:6      | Reached skill level 11 in Stealth
 18179 | D:2      | Killed Grinder
 18179 | D:2      | Reached skill level 5 in Short Blades
 18623 | D:5      | Slain by a wight

Skill      XL: |  1  2  3  4  5  6  7  8  9 |
---------------+----------------------------+-----
Stealth        | 5 6 7 8 9 11 | 11.6
Short Blades   | 1 2 5 |  5.1
Dodging        | 3 4 5 6 |  6.0
Necromancy     | 5 6 8 10 | 10.3
Fighting       | |  0.5
Spellcasting   | |  2.3
Charms         | |  0.9

Action                   |  1- 3 |  4- 6 |  7- 9 || total
-------------------------+-------+-------+-------++-------
Melee: Short sword       |    94 |    65 |   264 ||   423
       Bite              |    18 |     1 |    28 ||    47
       Headbutt          |       |     4 |    47 ||    51
 Cast: Pain              |    62 |    61 |   123 ||   246
       Animate Skeleton  |     7 |     3 |     1 ||    11
       Vampiric Draining |       |     4 |    34 ||    38
       Regeneration      |       |     1 |    15 ||    16
 Abil: End Transformatio |       |       |     8 ||     8
       Bat Form          |       |       |     8 ||     8
Evoke: Wand              |       |       |     4 ||     4
  Use: Scroll            |     2 |     3 |     5 ||    10
       Potion            |     4 |     7 |    21 ||    32
 Stab: Sleeping          |     6 |    17 |    11 ||    34
       Distracted        |     1 |       |     2 ||     3
       Paralysed         |       |       |     3 ||     3
Armor: Robe              |     7 |    19 |    25 ||    51
Dodge: Dodged            |    22 |    66 |   181 ||   269
Block: Other             |       |       |    29 ||    29
